 Dungeon Crawl Stone Soup version 0.29-a0-330-g52719c12eb (webtiles) character file.

Game seed: 1758780043189979378

798 kae the Firebug (level 7, -6/57 HPs)
             Began as a Demigod Fire Elementalist on Apr 21, 2022.
             Mangled by Eustachio
             ... wielding a +3 rapier of flaming
              (9 damage)
             ... on level 5 of the Dungeon.
             The game lasted 00:02:15 (5574 turns).

kae the Firebug (Demigod Fire Elementalist)         Turns: 5574, Time: 00:02:16

Health: -6/57      AC:  2    Str:  9    XL:     7   Next: 32%
Magic:  15/15      EV: 12    Int: 25    God:
Gold:   184        SH:  0    Dex: 14    Spells: 4/13 levels left

rFire   . . .      SeeInvis .   (no weapon)
rCold   . . .      Faith    .   (no shield)
rNeg    . . .      Spirit   .   a - +0 robe
rPois   .          Reflect  .   (no helmet)
rElec   .          Harm     .   (no cloak)
rCorr   .          Rampage  .   (no gloves)
Will    .....                   (no boots)
Stlth   ++........              (no amulet)
HPRegen 0.19/turn               (no ring)
MPRegen 0.14/turn               (no ring)

@: weak-willed
A: high MP 1, forlorn, divine attributes
a: no special abilities


You were on level 5 of the Dungeon.
You visited 1 branch of the dungeon, and saw 5 of its levels.

You collected 184 gold pieces.

Inventory:

Armour
 a - a +0 robe (worn)
Jewellery
 c - an amulet of magic regeneration
 g - a ring of see invisible
 p - a ring of protection from fire
Scrolls
 i - a scroll of silence
 k - 3 scrolls of teleportation
 l - 3 scrolls of vulnerability
 o - a scroll of identify {unknown}
Potions
 b - a potion of magic
 d - 2 potions of attraction
 e - a potion of ambrosia
 h - 3 potions of heal wounds
 j - a potion of curing
 n - a potion of berserk rage {unknown}


   Skills:
 + Level 3.2 Fighting
 - Level 1.7 Dodging
 - Level 1.7 Stealth
 + Level 3.5 Spellcasting
 + Level 3.3 Conjurations
 * Level 5.6 Fire Magic


You had 4 spell levels left.
You knew the following spells:

 Your Spells              Type           Power      Damage    Failure   Level
a - Foxfire               Conj/Fire      100%       2x1d9     1%          1
b - Scorch                Fire           64%        2d8       1%          2
c - Conjure Flame         Conj/Fire      27%        6-21      4%          3
d - Inner Flame           Hex/Fire       18%        N/A       9%          3

Your spell library contained the following spells:

 Spells                   Type           Power      Damage    Failure   Level
 Ignite Poison            Fire/Tmut/Pois 13%        N/A       13%         3
 Corpse Rot               Necr/Air       8%         N/A       14%         2
 Poisonous Vapours        Pois/Air       8%         N/A       14%         2
 Flame Wave               Conj/Fire      27%        2d7       16%         4
 Sticky Flame             Conj/Fire      27%        2d5       16%         4


Dungeon Overview and Level Annotations

Branches:
Dungeon (5/15)             Temple (0/1) D:4

Annotations:
D:5 Eustachio


Innate Abilities, Weirdness & Mutations

You have an increased reservoir of magic. (+10% MP)
You shall have no god before yourself.
Your divine heritage dramatically boosts your attributes as you level up.


Message History

You slide downwards.
The hatch slams shut behind you.
You hear the sound of rushing water.
There is an entrance to a sewer on this level.
Hurry and find it before the portal rusts away!
As you read the scroll labelled TOMATA MA GEBU, it crumbles to dust.
It is a scroll of enchant weapon.
You aren't carrying any weapons that can be enchanted.
As you read the scroll labelled IRHEIG MISCHAQA, it crumbles to dust.
You feel strangely unstable.
It was a scroll of teleportation.
Unknown command.
As you read the scroll labelled PAOSUN BEGYT, it crumbles to dust.
Magic quickly surges around you.
It was a scroll of vulnerability.
Unknown command.
This is a scroll of acquirement!
Something appears at your feet!
Your surroundings suddenly seem different.
There are no items here.
Press: ? - help, . - travel, g - get item You can't see that place. [Stash: a staff of fire] [the floor.] Sorry, I don't know how to get there.
A centaur comes into view.
The centaur shouts!
The centaur wields a +0 shortbow.
The centaur shoots an arrow.
The arrow hits you!
The centaur shoots an arrow.
The arrow hits you.
Eustachio the Magnificent comes into view.
He is wielding a +3 rapier of flaming.
Eustachio shouts!
The centaur shoots an arrow.
The arrow hits you!
The centaur shoots an arrow.
The arrow hits you!
Eustachio hits you with a +3 rapier of flaming!
* * * LOW HITPOINT WARNING * * *
Eustachio burns you.
* * * LOW HITPOINT WARNING * * *
The centaur shoots an arrow.
The arrow hits you!
* * * LOW HITPOINT WARNING * * *
Okay, then.
The centaur shoots an arrow.
The arrow hits you.
* * * LOW HITPOINT WARNING * * *
Eustachio hits you with a +3 rapier of flaming!
You die...

. ..# . ...####.# ..
#......#.# #..|..#
####### #..# ###.##
################...#####
........@................
.......@#######.#########
..c...... ...# #########.
##### .. .# .. ..


You could see Eustachio and a centaur.

Vanquished Creatures
  A hornet (D:4)
  Sigmund (D:2)
  A phantom (D:4)
  2 scorpions (D:4)
  2 jellies (D:4)
  A hound (D:4)
  3 gnolls (D:3)
  5 adders
  3 worms
  2 orcs
  A ball python (D:4)
  7 bats
  5 endoplasms
  4 giant cockroaches
  13 goblins
  6 hobgoblins
  5 jackals
  3 kobolds
  2 quokkas
  5 frilled lizards
  4 rats
76 creatures vanquished.

Vanquished Creatures (others)
  289 foxfires
289 creatures vanquished.

Grand Total: 365 creatures vanquished

Notes
Turn   | Place    | Note
-------+----------+-------------------------------------------
     0 | D:1      | kae the Demigod Fire Elementalist began the quest for the
                  | Orb.
     0 | D:1      | Reached XP level 1. HP: 14/14 MP: 5/5
   125 | D:1      | Reached skill level 1 in Conjurations
   308 | D:1      | Reached skill level 3 in Fire Magic
   308 | D:1      | Reached XP level 2. HP: 11/22 MP: 1/7
   587 | D:1      | Learned a level 2 spell: Scorch
  1808 | D:2      | Reached skill level 1 in Fighting
  1808 | D:2      | Reached XP level 3. HP: 28/28 MP: 4/8
  2193 | D:2      | Noticed Sigmund
  2205 | D:2      | Killed Sigmund
  2206 | D:2      | Reached skill level 4 in Fire Magic
  2206 | D:2      | Reached XP level 4. HP: 3/36 MP: 3/10
  2206 | D:2      | Reached XP level 5. HP: 4/41 MP: 3/11
  2756 | D:3      | Learned a level 3 spell: Conjure Flame
  2760 | D:3      | Learned a level 3 spell: Inner Flame
  4399 | D:4      | Reached XP level 6. HP: 49/49 MP: 9/13
  4462 | D:4      | Noticed a hornet
  4481 | D:4      | Paralysed by a hornet for 1 turns
  4482 | D:4      | Killed a hornet
  4483 | D:4      | Reached skill level 5 in Fire Magic
  4715 | D:4      | Reached XP level 7. HP: 57/57 MP: 9/15
  5266 | D:4      | Found a staircase to the Ecumenical Temple.
  5546 | D:5      | Entered Level 5 of the Dungeon
  5558 | D:5      | Identified a scroll of acquirement
  5558 | D:5      | Acquired a staff of fire
  5572 | D:5      | Noticed Eustachio
  5574 | D:5      | Mangled by Eustachio

Illustrated notes

Levels and vault maps discovered:
D:1:      dpeg_arrival_circle_labyrinth_c, layout_loops_ring,
          minmay_misc_feat_secret_circle, minmay_pentomino_z2
D:2:      layout_rooms, basic_altar, uniq_sigmund
D:3:      layout_basic
D:4:      layout_basic, temple_hall, hangedman_decor_opposing
D:5:      minmay_evil_eye, layout_rooms, serial_shops, nicolae_lakefront_shop,
          portal_sewer_entry_d, dreamdust_princess_corridor,
          uniq_crazy_yiuf_cottage, uniq_eustachio, uniq_ijyb, uniq_menkaure

Skill      XL: |  1  2  3  4  5  6 |
---------------+-------------------+-----
Conjurations   | 1 2 3 |  3.3
Fire Magic     | 3 4 5 |  5.6
Spellcasting   | 2 3 |  3.5
Fighting       | 1 2 3 |  3.2
Dodging        | |  1.7
Stealth        | |  1.7

Action                   |  1- 3 |  4- 6 |  7- 9 || total
-------------------------+-------+-------+-------++-------
Melee: Unarmed           |    18 |     2 |     1 ||    21
 Cast: Foxfire           |    88 |    53 |    31 ||   172
       Scorch            |     1 |    24 |     3 ||    28
       Conjure Flame     |       |     2 |       ||     2
  Use: Scroll            |     5 |       |     4 ||     9
       Potion            |       |     6 |       ||     6
Armor: Robe              |    17 |     1 |       ||    18
Dodge: Dodged            |    35 |    21 |    16 ||    72

Table legend: (Time is in decaauts)
 A = Elapsed time spent in this place.
 B = Non-inter-level travel time spent in this place.
 C = Inter-level travel time spent in this place.
 D = Time resting spent in this place.
 E = Time spent auto-exploring this place.
 F = Levels seen in this place.
 G = Mean time per level.
                   A        B        C        D        E       F      G
               +--------+--------+--------+--------+--------+-----+--------+
         Total |   5573 |   5381 |    192 |     30 |   4673 |   5 | 1114.6 |
       Dungeon |   5573 |   5381 |    192 |     30 |   4673 |   5 | 1114.6 |
               +--------+--------+--------+--------+--------+-----+--------+

Top non-repeatable levels by time:
     D:3: 1525 daAuts
     D:1: 1433 daAuts
     D:2: 1316 daAuts
     D:4: 1275 daAuts
     D:5: 22 daAuts
